 Dungeon Sprint DCSS version 0.29-a0-757-g358383bc75 (webtiles) character file.

Game seed: 12344651867769624866

39172 wilfster70 the Acrobat (level 13, 0/128 HPs)
             Began as a Minotaur Fighter on June 30, 2022.
             Was the Champion of Cheibriados.
             Slain by an iron golem (23 damage)
             ... in the Dungeon (Sprint V: "Ziggurat Sprint").
             The game lasted 00:10:28 (2101 turns).

wilfster70 the Acrobat (Minotaur Fighter)           Turns: 2101, Time: 00:10:28

Health: 0/128      AC: 32    Str: 31    XL:     13   Next: 67%
Magic:  18/21      EV: 17    Int: 28    God:    Cheibriados [******]
Gold:   0          SH:  0    Dex: 26    Spells: 12/12 levels left

rFire   + + +      SeeInvis .   a - +8 lance "Wyrmbane" {slay drac, rPois rF+ rC+ AC+3}
rCold   + + +      Faith    .   b - +18 shield of the Gong {rElec rN+ Will+ EV-5}
rNeg    + + +      Spirit   .   k - +5 gold dragon scales
rPois   +          Reflect  +   (helmet restricted)
rElec   +          Harm     .   (no cloak)
rCorr   .          Rampage  .   (no gloves)
Will    +....      NoTele   +   p - +1 pair of boots "Mesuiwao" {Fly Str-5 Int+4}
Stlth   ..........              g - amulet of reflection
HPRegen 0.31/turn               q - ring of Past Mistakes {rC+ rN+ AC+4}
MPRegen 0.17/turn               A - ring of Lucidity {rF+ rC+ rN+}

@: confused, flying, studying 3 skills, very slow
A: horns 2, retaliatory headbutt, deformed body, frail 1
a: Renounce Religion, Bend Time, Temporal Distortion, Slouch, Step From Time


You were in the Dungeon.
You worshipped Cheibriados.
Cheibriados was exalted by your worship.
You visited 1 branch

Inventory:

Hand Weapons
 a - the +8 lance "Wyrmbane" (weapon) {slay drac, rPois rF+ rC+ AC+3}
   (You found it in the Dungeon)

   It inflicts extra damage against dragons and draconians.
   AC:        It affects your AC (+3).
   rF:        It protects you from fire.
   rC:        It protects you from cold.
   rPois:     It protects you from poison.
Armour
 b - the +18 shield of the Gong (worn) {rElec rN+ Will+ EV-5}
   (You found it in the Dungeon)

   It is deafeningly noisy when blocking attacks.
   EV:        It affects your evasion (-5).
   rElec:     It insulates you from electricity.
   rN:        It protects you from negative energy.
   Will:      It increases your willpower.
 k - +5 gold dragon scales (worn)
 p - the +1 pair of boots "Mesuiwao" (worn) {Fly Str-5 Int+4}
   (You found it in the Dungeon)

   Str:       It affects your strength (-5).
   Int:       It affects your intelligence (+4).
   Fly:       It grants you flight.
Jewellery
 g - an amulet of reflection (around neck)
 q - the ring of Past Mistakes (left hand) {rC+ rN+ AC+4}
   (You found it in the Dungeon)

   [ring of protection]

   AC:        It affects your AC (+4).
   rC:        It protects you from cold.
   rN:        It protects you from negative energy.
 A - the ring of Lucidity (right hand) {rF+ rC+ rN+}
   (You found it in the Dungeon)

   [ring of positive energy]

   rF:        It protects you from fire.
   rC:        It protects you from cold.
   rN:        It protects you from negative energy.
Wands
 s - a wand of iceblast (7)
 t - a wand of acid (7)
 v - a wand of mindburst (7)
Scrolls
 j - 3 scrolls of blinking
 o - 4 scrolls of amnesia
 r - 5 scrolls of identify
 u - 7 scrolls of fog
 w - 2 scrolls of fear
Potions
 c - 2 potions of brilliance
 d - 6 potions of might
 e - 9 potions of curing
 f - 5 potions of heal wounds
 h - 4 potions of magic
 i - 3 potions of berserk rage
 l - a potion of invisibility
 m - 4 potions of resistance
Miscellaneous
 n - a box of beasts
 x - a condenser vane
 z - a tin of tremorstones (1/2)


   Skills:
 + Level 21.3 Fighting
 - Level 12.0 Polearms
 + Level 21.4 Armour
 + Level 21.9 Dodging
 - Level 12.4 Shields
 - Level 12.0 Invocations
 + Level 12.0 Evocations


You had 12 spell levels left.
You didn't know any spells.
Your spell library contained the following spells:

 Spells                   Type           Power      Damage    Failure   Level
 Foxfire                  Conj/Fire      0%         2x1d4     88%         1
 Blink                    Tloc           0%         N/A       95%         2
 Ensorcelled Hibernation  Hex/Ice        0%         N/A       95%         2
 Poisonous Vapours        Pois/Air       0%         N/A       95%         2
 Scorch                   Fire           0%         2d5       95%         2
 Call Canine Familiar     Summ           0%         N/A       99%         3
 Ignite Poison            Fire/Tmut/Pois 0%         N/A       99%         3
 Inner Flame              Hex/Fire       0%         N/A       99%         3
 Portal Projectile        Hex/Tloc       0%         N/A       99%         3
 Spider Form              Tmut/Pois      0%         N/A       99%         3
 Teleport Other           Tloc           0%         N/A       99%         3
 Tukima's Dance           Hex            0%         N/A       99%         3
 Anguish                  Hex/Necr       0%         N/A       100%        4
 Cause Fear               Hex            0%         N/A       100%        4
 Flame Wave               Conj/Fire      0%         2d4       100%        4
 Iskenderun's Mystic Bla  Conj/Tloc      0%         2d3       100%        4
 Sticky Flame             Conj/Fire      0%         2d3       100%        4
 Agony                    Necr           0%         N/A       100%        5
 Blade Hands              Tmut           0%         N/A       100%        5
 Iskenderun's Battlesphe  Conj           0%         2d6       100%        5
 Manifold Assault         Tloc           0%         N/A       100%        5
 Silence                  Hex/Air        0%         N/A       100%        5
 Summon Forest            Summ/Tloc      0%         N/A       100%        5
 Summon Mana Viper        Hex/Summ       0%         N/A       100%        5
 Death Channel            Necr           0%         N/A       100%        6
 Iron Shot                Conj/Erth      0%         9d1       100%        6
 Starburst                Conj/Fire      0%         6d3       100%        6
 Statue Form              Tmut/Erth      0%         N/A       100%        6
 Summon Cactus Giant      Summ           0%         N/A       100%        6
 Enfeeble                 Hex            0%         N/A       100%        7
 Malign Gateway           Summ/Tloc      0%         N/A       100%        7
 Orb of Destruction       Conj           0%         9d5       100%        7
 Ozocubu's Refrigeration  Ice            0%         4d5       100%        7
 Spellforged Servitor     Conj/Summ      0%         N/A       100%        7
 Storm Form               Tmut/Air       0%         N/A       100%        7
 Discord                  Hex            0%         N/A       100%        8
 Lehudib's Crystal Spear  Conj/Erth      0%         10d2      100%        8


Dungeon Overview and Level Annotations

Branches:
Dungeon (1/1)

Altars:
Ashenzari
Cheibriados
Dithmenos
Elyvilon
Fedhas
Gozag
Hepliaklqana
Kikubaaqudgha
Makhleb
Nemelex Xobeh
Okawaru
Qazlal
Ru
Sif Muna
Trog
Uskayaw
Vehumet
Wu Jian
Xom
Yredelemnul
Zin
The Shining One
Beogh
Jiyva
Lugonu


Innate Abilities, Weirdness & Mutations

You have a pair of horns on your head.
You reflexively headbutt those who attack you in melee.
Armour fits poorly on your strangely shaped body.
You are frail. (-10% HP)


Message History

You hit the iron golem but do no damage.
You headbutt the iron golem, but do no damage.
The iron golem is lightly damaged.
You block the iron golem's attack.
PANG!
You block the iron golem's attack.
GONNNNG!
You hit the iron golem but do no damage.
The iron golem is lightly damaged.
The iron golem hits you but does no damage.
You block the iron golem's attack.
BOUMMMMG!
You hit the iron golem.
The iron golem is lightly damaged.
A slime creature comes into view.
You hit the iron golem but do no damage.
You headbutt the iron golem, but do no damage.
The iron golem is lightly damaged.
You block the iron golem's attack.
PTOANNNG!
You block the iron golem's attack.
GONNNNG!
You puncture the iron golem!
The iron golem is lightly damaged.
A golden eye comes into view.
A quicksilver ooze comes into view.
You barely miss the iron golem.
The iron golem is lightly damaged.
The golden eye blinks at you.
You are confused.
The iron golem hits you!!
* * * LOW HITPOINT WARNING * * *
The iron golem hits you but does no damage.
A slime creature comes into view.
You are too confused!
Unknown command.
You feel better. The golden eye blinks at you.
You are confused.
The iron golem hits you!!
You die...

▓....
▓......J......▓....
▓.............▓....
▓......G..... ▓..▓.
▓.. .......▓ ▓.▓▓▓
▓.▓▓▓J....▓▓ ▓..▓.
▓..▓.......▓..▓....
▓.............▓▓▓▓▓
▓.@9...©......▓....
▓▓▓▓▓▓▓▓▓▓▓▓▓▓▓..|)
▓...[ ▓.... ▓....
▓.... ▓.... ▓..▓.
▓.▓▓▓


You could see an iron golem, a slime creature, a quicksilver ooze and a golden
eye.

Vanquished Creatures
  2 pandemonium lords (D)
  A Hell Sentinel (D)
  A deep elf blademaster (D)
  3 ancient champions (D)
  A rockslime (D)
  An iron dragon (D)
  A quicksilver elemental (D)
  An azure jelly (D)
  A demonspawn corrupter (D)
  A demonspawn blood saint (D)
  A quicksilver ooze (D)
  4 war gargoyles (D)
  A lorocyproca (D)
  An entropy weaver (D)
  A jorogumo (D)
  A dancing weapon (D)
  A death scarab (D)
  A crystal echidna (D)
  A sun demon (D)
  2 sun moths (D)
  A steelbarb worm (D)
  4 deep elf archers (D)
  3 deep elf zephyrmancers (D)
  A deep elf pyromancer (D)
  A wolf spider (D)
  2 shining eyes (D)
  2 smoke demons (D)
  2 torpor snails (D)
  2 demonic crawlers (D)
  A red devil (D)
  A hellwing (D)
  An ice devil (D)
  2 tormentors (D)
  A tarantella (D)
  3 slime creatures (D)
  2 jumping spiders (D)
  A water elemental (D)
  An ushabti (D)
  A yak (D)
  A ynoxinul (D)
  A spriggan (D)
  A redback (D)
  A neqoxec (D)
  An orc warrior (D)
  A black bear (D)
  5 wolves (D)
  2 bullfrogs (D)
  A necrophage (D)
  4 earth elementals (D)
  2 scorpions (D)
  2 wights (D)
  2 crimson imps (D)
  3 jellies (D)
  An orc priest (D)
  2 iron imps (D)
  An iguana (D)
  5 orc wizards (D)
  3 mummies (D)
  2 ufetubi (D)
  2 orcs (D)
  2 endoplasms (D)
  A jackal (D)
  A ball python skeleton (D)
  2 ball python zombies (D)
108 creatures vanquished.

Vanquished Creatures (others)
  A deep elf knight (D)
  A crimson imp (D)
2 creatures vanquished.

Grand Total: 110 creatures vanquished

Notes
Turn   | Place    | Note
-------+----------+-------------------------------------------
     0 | D        | wilfster70 the Minotaur Fighter began the quest for the
                  | Orb.
     0 | D        | Reached XP level 1. HP: 19/19 MP: 0/0
    23 | D        | Found a blossoming altar of Fedhas.
    24 | D        | Found an opulent altar of Gozag.
    24 | D        | Found a hazy altar of Hepliaklqana.
    24 | D        | Found a viscous altar of Jiyva.
    24 | D        | Found a transporter.
    25 | D        | Became a worshipper of Cheibriados the Contemplative
    27 | D        | Found an ancient bone altar of Kikubaaqudgha.
    28 | D        | Found the +6 Majin-Bo {vamp, MP+6 Int+6}
    28 | D        | Found the +9 heavy crossbow "Sniper" {vorpal, Acc+∞ SInv}
    28 | D        | Found the +10 dark maul {vorpal}
    28 | D        | Found the +15 Maxwell's patent armour {-Cast -Tele rElec
                  | Will+ rCorr}
    28 | D        | Found the +18 shield of the Gong {rElec rN+ Will+ EV-5}
    28 | D        | Found the +14 obsidian axe {vorpal, Mesm Drain Fly SInv}
    29 | D        | Found a corrupted altar of Lugonu.
    29 | D        | Found the +7 great mace "Firestarter" {inner flame, rF++}
    29 | D        | Found the +6 shillelagh "Devastator" {shatter}
    29 | D        | Found the +11 plutonium sword {Contam Stlth-}
    29 | D        | Found the +8 lance "Wyrmbane" {slay drac, rPois rF+ rC+
                  | AC+3}
    29 | D        | Found the +9 sword of Zonguldrok {reap}
    29 | D        | Found the +13 scythe of Curses {drain, Drain}
    29 | D        | Found the +5 sword of Power {vorpal}
    29 | D        | Found the +7 mace of Variability {chain chaos}
    29 | D        | Found the +7 Singing Sword {vorpal, sonic wave}
    29 | D        | Found the +8 storm bow {elec, penet}
    31 | D        | Found a burning altar of Makhleb.
    34 | D        | Found a stormy altar of Qazlal.
    34 | D        | Found a sacrificial altar of Ru.
    34 | D        | Found an iron altar of Okawaru.
    34 | D        | Found a shimmering blue altar of Sif Muna.
    34 | D        | Found a sparkling altar of Nemelex Xobeh.
    34 | D        | Found a bloodstained altar of Trog.
    78 | D        | Reached skill level 5 in Polearms
    78 | D        | Reached XP level 2. HP: 28/28 MP: 0/2
    90 | D        | Entered arena 2.
    90 | D        | Found a transporter.
    93 | D        | Reached skill level 5 in Fighting
    93 | D        | Reached skill level 5 in Armour
    93 | D        | Reached skill level 5 in Shields
    93 | D        | Reached XP level 3. HP: 36/36 MP: 1/4
   121 | D        | Entered arena 3.
   121 | D        | Found a transporter.
   127 | D        | Reached * piety under Cheibriados
   134 | D        | Reached XP level 4. HP: 42/42 MP: 5/5
   134 | D        | Reached ** piety under Cheibriados
   140 | D        | Got the Handbook of Ashen Heat
   143 | D        | Entered arena 4.
   143 | D        | Noticed a scorpion
   143 | D        | Noticed a jumping spider
   143 | D        | Noticed a tarantella
   143 | D        | Noticed a scorpion
   143 | D        | Found a transporter.
   146 | D        | Killed a scorpion
   148 | D        | Killed a scorpion
   149 | D        | Reached XP level 5. HP: 51/51 MP: 5/7
   153 | D        | Killed a jumping spider
   153 | D        | Reached *** piety under Cheibriados
   154 | D        | Reached skill level 5 in Dodging
   154 | D        | Reached skill level 5 in Invocations
   154 | D        | Reached XP level 6. HP: 41/60 MP: 5/8
   160 | D        | Killed a tarantella
   160 | D        | Reached **** piety under Cheibriados
   161 | D        | Reached skill level 10 in Polearms
   161 | D        | Reached XP level 7. HP: 48/68 MP: 6/10
   257 | D        | Got the ring "Wyeguj" {Will- AC+4 Str+2 SInv}
   263 | D        | Entered arena 5.
   263 | D        | Found a transporter.
   275 | D        | Got the Handbook of Shape Shifting and Battle Magic
   289 | D        | Entered arena 6.
   289 | D        | Noticed a spriggan
   289 | D        | Found a transporter.
   294 | D        | Killed a spriggan
   294 | D        | Reached ***** piety under Cheibriados
   303 | D        | Reached XP level 8. HP: 56/78 MP: 11/11
   309 | D        | Reached ****** piety under Cheibriados
   317 | D        | Got the amulet "Yxye" {Faith Contam rElec rF+++ Stlth+}
   397 | D        | Entered arena 7.
   397 | D        | Found the +8 trishula "Condemnation" {holy, anguish, *Noise
                  | Fly rN+}
   397 | D        | Noticed a deep elf zephyrmancer
   397 | D        | Noticed a deep elf zephyrmancer
   397 | D        | Noticed a deep elf zephyrmancer
   397 | D        | Noticed a deep elf archer
   398 | D        | Found a transporter.
   400 | D        | Killed a deep elf zephyrmancer
   405 | D        | Killed a deep elf zephyrmancer
   406 | D        | Reached skill level 10 in Fighting
   406 | D        | Reached skill level 10 in Armour
   406 | D        | Reached skill level 10 in Shields
   406 | D        | Reached XP level 9. HP: 78/86 MP: 9/14
   406 | D        | Killed a deep elf zephyrmancer
   412 | D        | Killed a deep elf archer
   413 | D        | Reached skill level 10 in Dodging
   474 | D        | Entered arena 8.
   474 | D        | Noticed a death scarab
   475 | D        | Killed a death scarab
   478 | D        | Found a transporter.
   486 | D        | Reached XP level 10. HP: 31/97 MP: 10/16
   787 | D        | Entered arena 9.
   788 | D        | Found a transporter.
   791 | D        | Reached skill level 10 in Invocations
   813 | D        | Entered arena 10.
   813 | D        | Found the +12 pair of quick blades "Gyre" and "Gimble"
                  | {protect}
   813 | D        | Noticed Ganeb the pandemonium lord
   813 | D        | Noticed a sun demon
   814 | D        | Found a transporter.
   820 | D        | Killed a sun demon
   836 | D        | HP: 4/100 [Ganeb the pandemonium lord (4)]
   843 | D        | HP: 3/100 [Ganeb the pandemonium lord (32)]
   849 | D        | Killed Ganeb the pandemonium lord
   850 | D        | Reached skill level 15 in Fighting
   850 | D        | Reached skill level 15 in Armour
   850 | D        | Reached XP level 11. HP: 14/113 MP: 7/19
  1216 | D        | Entered arena 11.
  1217 | D        | Found a transporter.
  1229 | D        | Got the Collected Works on Curses and Calling
  1240 | D        | Entered arena 12.
  1240 | D        | Noticed a +0 flail of protection
  1240 | D        | Noticed a deep elf knight
  1240 | D        | Noticed a deep elf pyromancer
  1240 | D        | Noticed a deep elf archer
  1241 | D        | Noticed a deep elf blademaster
  1241 | D        | Noticed a deep elf archer
  1241 | D        | Noticed a deep elf archer
  1242 | D        | Killed a +0 flail of protection
  1243 | D        | Reached skill level 1 in Evocations
  1243 | D        | Found a transporter.
  1243 | D        | Killed a deep elf knight
  1247 | D        | Killed a deep elf archer
  1248 | D        | Killed a deep elf pyromancer
  1256 | D        | Killed a deep elf blademaster
  1257 | D        | Killed a deep elf archer
  1267 | D        | Killed a deep elf archer
  1268 | D        | Reached skill level 5 in Evocations
  1452 | D        | Got the ring of Lucidity {rF+ rC+ rN+}
  1464 | D        | Entered arena 13.
  1464 | D        | Noticed a demonspawn corrupter
  1464 | D        | Noticed a Hell Sentinel
  1464 | D        | Gained mutation: Armour fits poorly on your strangely
                  | shaped body. [a neqoxec]
  1465 | D        | Noticed Irghoylon the pandemonium lord
  1465 | D        | Noticed a demonspawn blood saint
  1468 | D        | Reached XP level 12. HP: 69/125 MP: 9/20
  1469 | D        | Found a transporter.
  1473 | D        | Killed a lorocyproca
  1474 | D        | Killed a demonspawn corrupter
  1474 | D        | Killed a demonspawn blood saint
  1474 | D        | Killed a Hell Sentinel
  1490 | D        | Killed Irghoylon the pandemonium lord
  1502 | D        | Got the ring of Past Mistakes {rC+ rN+ AC+4}
  1510 | D        | Got the +1 pair of boots "Mesuiwao" {Fly Str-5 Int+4}
  1723 | D        | Entered arena 14.
  1724 | D        | Noticed an entropy weaver
  1724 | D        | Noticed a jorogumo
  1726 | D        | Killed an entropy weaver
  1727 | D        | Killed a jorogumo
  1732 | D        | Found a transporter.
  1746 | D        | Got Anoda's Reference Book on Contamination and Calling
  1755 | D        | Got the Incunabulum of Fiery Darkness
  1760 | D        | Got the Disquisition on Summoning and Flames
  1762 | D        | Got Ypsireg's Disquisition on Cold and Orientation
  1844 | D        | Entered arena 15.
  1845 | D        | Noticed a rockslime
  1845 | D        | Noticed an azure jelly
  1845 | D        | Found the +5 demon whip "Spellbinder" {antimagic, Will+}
  1846 | D        | Noticed a quicksilver ooze
  1846 | D        | Found the +7 captain's cutlass {speed, disarm}
  1847 | D        | Killed a quicksilver ooze
  1848 | D        | Reached XP level 13. HP: 124/138 MP: 15/21
  1850 | D        | Killed a rockslime
  1850 | D        | Killed an azure jelly
  1850 | D        | Gained mutation: You are frail. (-10% HP) [a shining eye]
  1851 | D        | Reached skill level 10 in Evocations
  2013 | D        | Found a transporter.
  2031 | D        | Entered arena 16.
  2032 | D        | Noticed a war gargoyle
  2032 | D        | Noticed an ancient champion
  2032 | D        | Noticed an iron golem
  2032 | D        | Noticed a war gargoyle
  2032 | D        | Noticed an ancient champion
  2032 | D        | Noticed a war gargoyle
  2032 | D        | Noticed a quicksilver elemental
  2032 | D        | Noticed a war gargoyle
  2033 | D        | Noticed an iron golem
  2033 | D        | Noticed an iron dragon
  2035 | D        | Killed a war gargoyle
  2035 | D        | Killed a war gargoyle
  2035 | D        | Noticed an ancient champion
  2036 | D        | Killed a war gargoyle
  2036 | D        | Killed a quicksilver elemental
  2036 | D        | Killed an ancient champion
  2036 | D        | Killed a war gargoyle
  2037 | D        | Killed an iron dragon
  2038 | D        | Killed an ancient champion
  2051 | D        | Killed an ancient champion
  2058 | D        | HP: 1/128 [iron golem (17)]
  2066 | D        | Found a transporter.
  2085 | D        | Entered arena 17.
  2099 | D        | Noticed a quicksilver ooze
  2101 | D        | Slain by an iron golem

Illustrated notes

Levels and vault maps discovered:
D:        sprint_v [room_start, room_1, room_2, room_3, room_4, room_5, room_6,
          room_7, room_8, room_9, room_10, room_11, room_12, room_13, room_14,
          room_15, room_16, room_17, room_18, room_19, room_20, room_21,
          room_22, room_23, room_24, room_25, room_26, room_27]

Skill      XL: |  1  2  3  4  5  6  7  8  9 10 11 12 13 |
---------------+----------------------------------------+-----
Fighting       | 4 5 6 7 8 9 10 12 15 17 19 21 | 21.3
Polearms       | 5 6 8 9 10 11 12 | 12.0
Armour         | 4 5 6 7 8 10 12 15 17 19 21 | 21.4
Dodging        | 2 3 4 5 6 7 9 10 16 18 20 21 | 21.9
Shields        | 4 5 6 7 8 10 12 | 12.4
Invocations    | 2 3 4 5 6 8 9 12 | 12.0
Evocations     | 5 9 12 | 12.0

Action                   |  1- 3 |  4- 6 |  7- 9 | 10-12 | 13-15 || total
-------------------------+-------+-------+-------+-------+-------++-------
Melee: Lance             |    14 |    16 |    46 |    66 |    31 ||   173
       Headbutt          |     2 |     3 |     8 |     6 |     6 ||    25
Invok: Slouch            |       |       |     4 |    18 |     5 ||    27
       Step From Time    |       |       |       |       |     1 ||     1
Evoke: Condenser vane    |       |       |       |     1 |     2 ||     3
       Tin of tremorston |       |       |       |       |     3 ||     3
  Use: Potion            |     1 |       |       |    11 |     7 ||    19
       Scroll            |       |       |       |       |     1 ||     1
Armor: Gold dragon scale |     3 |    10 |    11 |    28 |    15 ||    67
Dodge: Dodged            |       |       |     5 |    16 |    10 ||    31
Block: Kite shield       |    21 |    24 |    59 |   114 |    64 ||   282
       Reflection        |       |       |       |     5 |       ||     5

Table legend: (Time is in decaauts)
 A = Elapsed time spent in this place.
 B = Non-inter-level travel time spent in this place.
 C = Inter-level travel time spent in this place.
 D = Time resting spent in this place.
 E = Time spent auto-exploring this place.
 F = Levels seen in this place.
 G = Mean time per level.
                   A        B        C        D        E       F      G
               +--------+--------+--------+--------+--------+-----+--------+
         Total |   2305 |   2305 |      0 |   1445 |      0 |   1 | 2305.0 |
       Dungeon |   2305 |   2305 |      0 |   1445 |      0 |   1 | 2305.0 |
               +--------+--------+--------+--------+--------+-----+--------+

Top non-repeatable levels by time:
       D: 2305 daAuts
